 Dungeon Crawl Stone Soup version 0.23.2 (webtiles) character file.

Game seed: 15468005409939672776

247 dengdeng the Chopper (level 5, 0/47 HPs)
             Began as a Minotaur Berserker on Apr 12, 2019.
             Was a Believer of Trog.
             Killed by nerve-wracking pain
             ... invoked by Grinder
              (14 damage)
             ... on level 3 of the Dungeon.
             The game lasted 00:06:59 (2452 turns).

dengdeng the Chopper (Minotaur Berserker)           Turns: 2452, Time: 00:07:00

Health: 0/47       AC: 11    Str: 22    XL:     5   Next: 85%
Magic:  4/4        EV:  7    Int:  4    God:    Trog [**....]
Gold:   136        SH:  0    Dex: 10    Spells: 4/4 levels left

rFire    . . .     SeeInvis .   a - +0 hand axe
rCold    . . .     Gourm    .   (no shield)
rNeg     . . .     Faith    .   i - +0 plate armour
rPois    .         Spirit   .   (helmet restricted)
rElec    .         Reflect  .   (no cloak)
rCorr    .         Harm     .   (no gloves)
MR       .....                  (no boots)
Stlth    ..........             (no amulet)
HPRegen  0.15/turn              (no ring)
MPRegen  0.09/turn              (no ring)

@: no status effects
A: retaliatory headbutt, horns 2
a: Berserk, Trog's Hand, Renounce Religion


You were on level 3 of the Dungeon.
You worshipped Trog.
Trog was pleased with you.
You were not hungry.

You visited 1 branch of the dungeon, and saw 3 of its levels.

You collected 136 gold pieces.

Inventory:

Hand Weapons
 a - a +0 hand axe (weapon)
Missiles
 f - 73 stones
 m - 7 tomahawks (quivered)
Armour
 i - a +0 plate armour (worn)
Scrolls
 b - a scroll of remove curse {unknown}
 d - a scroll of amnesia {unknown}
 e - 4 scrolls of identify {unknown}
 g - 3 scrolls of noise {unknown}
 k - a scroll of enchant armour {unknown}
 l - a scroll of random uselessness {unknown}
Potions
 h - 2 potions of agility {unknown}
 n - a potion of might {unknown}
Comestibles
 c - 6 rations
 j - 5 chunks of flesh


   Skills:
 + Level 4.7 Fighting
 * Level 6.6 Axes
 + Level 0.2 Throwing
 + Level 3.6 Armour
 + Level 2.4 Dodging


You had 4 spell levels left.
You didn't know any spells.
Your spell library was empty.

Dungeon Overview and Level Annotations

Branches:
Dungeon (3/15)

Altars:

Annotations:
D:3 Grinder


Innate Abilities, Weirdness & Mutations

You reflexively headbutt those who attack you in melee.
You have a pair of horns on your head.


Message History

Grinder is almost dead.
Grinder says, "My boss said I was rubbish.
His entrails said otherwise."
Grinder hits you!
You writhe in agony.
You completely miss Grinder.
Grinder is almost dead.
Grinder barely misses you.
You closely miss Grinder. Your headbutt misses Grinder.
Grinder is almost dead.
Grinder gestures at you. Pain shoots through your body!
* * * LOW HITPOINT WARNING * * *
You hit Grinder.
Grinder is almost dead.
Grinder closely misses you.
Unknown command.
You closely miss Grinder.
Grinder is almost dead.
Grinder gestures at you. Pain shoots through your body!
You die...

#.##.##.##.#.######.#
#.#.###.###..# #.#
#.#.#(..# #..######<##
#.#.#.#####...........
#.##..# ##.########.##
#.###.###.## #.## #.#
#....## #.## #####.#
#5#### #.## #...รท.# #@#
#...
#.#######.################
#.# #.................#
#.# #........########.#
#.# #.######.# #.# #.# #.#
#.# #.. #.# #.# #.# #.#
#.# #.# #.# ##. #.# #.#
#.# #.


You could see Grinder.

Vanquished Creatures
  A centaur (D:3)
  Terence (D:2)
  An iguana (D:2)
  4 adders
  2 oozes
  2 worms
  A dart slug (D:2)
  3 leopard geckos
  An orc (D:2)
  A ball python (D:2)
  10 bats
  3 giant cockroaches
  7 goblins
  7 hobgoblins
  9 jackals
  4 kobolds
  2 frilled lizards
  2 rats
61 creatures vanquished.

Notes
Turn   | Place    | Note
-------+----------+-------------------------------------------
     0 | D:1      | dengdeng the Minotaur Berserker began the quest for the
                  | Orb.
     0 | D:1      | Reached XP level 1. HP: 19/19 MP: 0/0
   247 | D:1      | Reached skill level 4 in Axes
   267 | D:1      | Reached XP level 2. HP: 23/27 MP: 1/1
   600 | D:1      | Reached XP level 3. HP: 32/33 MP: 2/2
   631 | D:1      | Reached ** piety under Trog
   899 | D:2      | Reached skill level 5 in Axes
  1135 | D:2      | Noticed Terence
  1142 | D:2      | Killed Terence
  1142 | D:2      | Reached XP level 4. HP: 39/41 MP: 3/3
  1592 | D:2      | Reached XP level 5. HP: 44/47 MP: 4/4
  2025 | D:3      | Reached skill level 6 in Axes
  2234 | D:3      | Noticed a centaur
  2240 | D:3      | Killed a centaur
  2424 | D:3      | Noticed Grinder
  2452 | D:3      | Killed from afar by Grinder

Skill      XL: |  1  2  3  4  5 |
---------------+----------------+-----
Axes           | 4 5 6 |  6.6
Fighting       | 4 |  4.7
Armour         | 3 |  3.6
Throwing       | |  0.2
Dodging        | |  2.4

Action                   |  1- 3 |  4- 6 || total
-------------------------+-------+-------++-------
Melee: Hand axe          |    84 |    90 ||   174
       Headbutt          |    12 |    13 ||    25
Throw: Stone             |     5 |     3 ||     8
       Tomahawk          |       |     2 ||     2
  Eat: Chunk             |     1 |     4 ||     5
Armor: Chain mail        |    11 |       ||    11
       Animal skin       |     1 |       ||     1
       Plate armour      |    32 |    48 ||    80
Dodge: Dodged            |    34 |    33 ||    67
